 Dungeon Crawl Stone Soup version 0.18-a0-1789-gbeff17f (webtiles) character file.

2199 nubinia the Nimble (level 9, -1/43 HPs)
             Began as a Spriggan Venom Mage on Apr 22, 2016.
             Splashed by a jelly's acid (11 damage)
             ... on level 7 of the Dungeon.
             The game lasted 00:41:13 (7941 turns).

nubinia the Nimble (Spriggan Venom Mage)            Turns: 7941, Time: 00:41:14

Health: -1/43      AC:  1    Str:  5    XL:     9   Next: 12%
Magic:  21/21      EV: 24    Int: 19    God:
Gold:   359        SH:  0    Dex: 16    Spells: 4 memorised, 13 levels left

rFire  . . .     SeeInvis +     q - +2 short sword (protect)
rCold  . . .     Gourm    .     l - +0 robe
rNeg   . . .     Faith    .     (shield restricted)
rPois  .         Spirit   .     (helmet restricted)
rElec  .         Dismiss  .     D - +1 cloak
rCorr  .         Reflect  .     (gloves unavailable)
SustAt .         Harm     .     (boots unavailable)
MR     +....                    t - amulet of regeneration
Stlth  ++++......               (no ring)
                                (no ring)

@: corroded, very quick, somewhat resistant to hostile enchantments, stealthy
A: unfitting armour, see invisible, herbivore 3, speed 3, slow metabolism 2
a: no special abilities


You were on level 7 of the Dungeon.
You were not hungry.

You visited 2 branches of the dungeon, and saw 9 of its levels.
You also visited: Ossuary.

You collected 359 gold pieces.

Inventory:

Hand Weapons
 a - a +2 dagger of venom
 g - a +0 short sword
 m - a +0 dagger of venom
 q - a +2 short sword of protection (weapon)
 H - the +6 trident "Spriggan's Doom" {venom, Str+2, unknown}
   (You found it on level 7 of the Dungeon)

   It poisons the flesh of those it strikes.
   It affects your strength (+2).
Missiles
 e - 26 poisoned needles
Armour
 l - a +0 robe (worn)
 D - a +1 cloak (worn)
Jewellery
 t - an amulet of regeneration (around neck)
Wands
 h - a wand of polymorph (11/24)
 k - a wand of slowing (48/48)
 F - a wand of flame (20/48)
Scrolls
 f - 4 scrolls of blinking
 i - a scroll of fog
 j - 6 scrolls of remove curse
 n - a scroll of magic mapping
 w - a scroll of recharging
 x - a scroll of teleportation
 y - a scroll of fear
 G - a scroll of identify
Potions
 d - a potion of resistance {unknown}
 o - a potion of ambrosia {unknown}
 p - 2 potions of flight
 r - 2 potions of curing
 s - a potion of agility {unknown}
 u - a potion of brilliance
 z - 3 potions of heal wounds {unknown}
 A - a potion of berserk rage
 E - a potion of mutation {unknown}
Books
 b - a Young Poisoner's Handbook

   Spells                             Type                      Level
   a - Sting                          Conjuration/Poison           1
   b - Cure Poison                    Poison                       2
   c - Mephitic Cloud                 Conjuration/Poison/Air       3
   d - Olgreb's Toxic Radiance        Poison                       4
   e - Venom Bolt                     Conjuration/Poison           5
 I - a book of Fire

   Spells                             Type                      Level
   a - Ignite Poison                  Fire/Transmutation/Poison    3
   b - Fireball                       Conjuration/Fire             5
   c - Bolt of Fire                   Conjuration/Fire             6
   d - Delayed Fireball               Conjuration/Fire             7
   e - Ring of Flames                 Charms/Fire                  7
Comestibles
 c - 4 bread rations
 v - 8 fruits
 B - a royal jelly
 C - 2 slices of pizza


   Skills:
 + Level 2.5 Fighting
 + Level 3.9 Short Blades
 + Level 9.2 Dodging
 + Level 7.5 Stealth
 * Level 7.8 Spellcasting
 + Level 2.5 Conjurations
 + Level 0.6 Air Magic
 - Level 5.0 Poison Magic


You had 13 spell levels left.
You knew the following spells:

 Your Spells              Type           Power        Failure   Level  Hunger
a - Sting                 Conj/Pois      ###.         1%          1    None
b - Cure Poison           Pois           ####......   1%          2    None
c - Mephitic Cloud        Conj/Pois/Air  ###.....     12%         3    #......
d - Olgreb's Toxic Radia  Pois           ####....     14%         4    ###....


Dungeon Overview and Level Annotations

Branches:
Dungeon (8/15)             Temple (1/1) D:6
   Lair: D:8-11

Altars:
Cheibriados
Dithmenos
Elyvilon
Fedhas
Gozag
Kikubaaqudgha
Makhleb
Nemelex Xobeh
Okawaru
Pakellas
Qazlal
Ru
Trog
Vehumet
Xom
Yredelemnul
Zin
The Shining One

Annotations:
D:4 braks's ghost, amateur TeCj
D:5 1 runed door


Innate Abilities, Weirdness & Mutations

You are tiny and cannot use many weapons and most armour.
You have supernaturally acute eyesight.
You are a herbivore.
You cover ground extremely quickly.
You need consume almost no food.


Message History

The jelly is severely wounded.
The jelly hits you but does no damage.
You hit the jelly. The acid corrodes you!
Your hands burn!
The jelly is severely wounded.
You hit the jelly but do no damage.
Your hands burn!
The jelly is severely wounded.
The jelly misses you.
You hit the jelly but do no damage.
Your hands burn!
The jelly is severely wounded.
The jelly closely misses you.
You hit the jelly.
Your hands burn!
The jelly is almost dead.
The jelly misses you.
You hit the jelly but do no damage.
Your hands burn!
* * * LOW HITPOINT WARNING * * *
The jelly is almost dead.
The jelly hits you.
* * * LOW HITPOINT WARNING * * *
You are splashed with acid!
The acid burns!
You die...

....## .. .....
...#######....
.........#...#
........#...##
###......#....#
.........#....#
#.....>@J...#
#......#....#
#......######
###.....)..#
#........#
#........#
#.......
#........#
#.......
.#........#
+.......
............#
#.......


You could see a jelly.

Vanquished Creatures
  A hippogriff (D:7)
  Edmund (D:6)
  An ice beast (D:7)
  2 black bears (D:6)
  A sky beast (D:4)
  2 ogres
  A giant frog (D:8)
  Blork the orc (D:4)
  3 scorpions
  A vampire bat (D:6)
  2 howler monkeys
  2 crimson imps
  A jelly (D:6)
  Crazy Yiuf (D:5)
  3 orc priests
  4 hounds
  Ijyb (D:2)
  3 iguanas
  2 orc wizards
  2 worker ants
  2 big kobold zombies (Ossuary)
  3 hound zombies (Ossuary)
  A hound skeleton (D:3)
  4 mummies (Ossuary)
  Robin (D:4)
  8 gnolls
  8 adders
  An ooze (D:2)
  An adder skeleton (D:5)
  2 adder zombies
  6 worms
  3 dart slugs
  5 giant geckos
  15 orcs
  3 ball pythons
  2 bat skeletons (D:6)
  2 bat zombies (D:6)
  8 giant cockroaches
  A gnoll zombie (Ossuary)
  7 hobgoblins
  3 jackals (D:2)
  9 kobolds
  5 quokkas
  6 bats
  8 giant newts
  25 goblins
  A goblin zombie (Ossuary)
  A hobgoblin zombie (Ossuary)
  A jackal zombie (Ossuary)
  A kobold zombie (Ossuary)
  An orc zombie (Ossuary)
  7 rats
186 creatures vanquished.

Notes
Turn   | Place    | Note
--------------------------------------------------------------
     0 | D:1      | nubinia the Spriggan Venom Mage began the quest for the Orb.
     0 | D:1      | Reached XP level 1. HP: 9/9 MP: 5/5
   176 | D:1      | Reached XP level 2. HP: 13/13 MP: 3/6
   180 | D:1      | Learned a level 2 spell: Cure Poison
  1128 | D:2      | Reached XP level 3. HP: 16/16 MP: 0/8
  1133 | D:2      | Learned a level 3 spell: Mephitic Cloud
  1438 | D:2      | Reached XP level 4. HP: 15/21 MP: 1/10
  1843 | D:2      | Found a sparkling altar of Nemelex Xobeh.
  2052 | D:2      | Noticed Ijyb
  2053 | D:2      | Reached skill level 5 in Poison Magic
  2197 | D:2      | Killed Ijyb
  2752 | D:2      | Noticed an ice beast
  2851 | D:3      | Found a faded altar to an unknown god.
  2856 | D:3      | Reached XP level 5. HP: 24/24 MP: 7/12
  2874 | D:3      | Learned a level 4 spell: Olgreb's Toxic Radiance
  3041 | D:3      | Reached skill level 4 in Dodging
  3064 | D:3      | Reached skill level 1 in Conjurations
  3252 | D:3      | Reached skill level 5 in Spellcasting
  3525 | D:3      | Found a snail-covered altar of Cheibriados.
  3586 | D:3      | Reached XP level 6. HP: 28/28 MP: 9/15
  3974 | D:3      | Found a burning altar of Makhleb.
  4057 | D:4      | Noticed Robin
  4063 | D:4      | Reached skill level 1 in Short Blades
  4090 | D:4      | Killed Robin
  4114 | D:4      | Found a sand-covered staircase.
  4191 | Ossuary  | Entered an ossuary
  4411 | Ossuary  | Reached skill level 5 in Dodging
  4771 | D:4      | Noticed Blork the orc
  4804 | D:4      | Killed Blork the orc
  4804 | D:4      | Reached skill level 6 in Dodging
  4804 | D:4      | Reached XP level 7. HP: 29/32 MP: 5/16
  5052 | D:4      | Reached skill level 1 in Fighting
  5127 | D:4      | Noticed braks's ghost (amateur TeCj)
  5390 | D:5      | Entered Level 5 of the Dungeon
  5467 | D:4      | Reached XP level 8. HP: 33/37 MP: 5/19
  5651 | D:5      | Reached skill level 5 in Stealth
  5677 | D:5      | Reached skill level 7 in Dodging
  5886 | D:5      | Found a runed door.
  5886 | D:5      | Found a glowing golden altar of the Shining One.
  5886 | D:5      | Noticed an angel
  5985 | D:5      | Noticed Crazy Yiuf
  5996 | D:5      | Killed Crazy Yiuf
  6278 | D:6      | Reached skill level 8 in Dodging
  6517 | D:6      | Found a staircase to the Ecumenical Temple.
  6654 | D:6      | Noticed Edmund
  6668 | Temple   | Entered the Ecumenical Temple
  6773 | D:6      | Killed Edmund
  6837 | D:6      | Found a glowing golden altar of the Shining One.
  6837 | D:6      | Found a white marble altar of Elyvilon.
  6838 | D:6      | Found a glowing silver altar of Zin.
  6903 | D:6      | Found an ancient bone altar of Kikubaaqudgha.
  7047 | D:6      | You fall through a shaft for 2 floors!
  7424 | D:7      | Reached skill level 9 in Dodging
  7542 | D:7      | Reached XP level 9. HP: 32/43 MP: 15/21
  7783 | D:7      | Got a crude trident
  7941 | D:7      | Splashed by a jelly's acid

Vault maps used:
D:1:      dpeg_arrival_water_altar
D:2:      kennysheep_goblin_castle, nemelex_xobeh_ov_fountains_minmay
D:3:      cheibriados_altar_wand_db, lightli_temple_of_fire, ecumenical_altar_1,
          st_stairs_4
D:4:      nicolae_ossuary_entry_false_entrances, uniq_robin, uniq_blork_the_orc
D:5:      first_bread, lemuel_angel_altar, uniq_crazy_yiuf_cottage
D:6:      good_gods_temple_1, kennysheep_vampire_church,
          minmay_temple_entry_overgrown, uniq_edmund
D:7:      lemuel_upstairs_altar, grunt_ogre_cave, kennysheep_nondescript
D:8:      uniq_maurice, uniq_joseph
Temple:   zaba_magenta_temple_12
Ossuary:  ossuary_minmay_tomb_2a

Skill      XL: |  1  2  3  4  5  6  7  8 |
---------------+-------------------------+-----
Spellcasting   | 3 4 5 6 7 |  7.8
Poison Magic   | 5 |  5.0
Dodging        | 4 6 9 |  9.2
Conjurations   | 1 2 |  2.5
Short Blades   | 2 3 |  3.9
Fighting       | 1 2 |  2.5
Stealth        | 4 7 |  7.5
Air Magic      | |  0.6

Action                   |  1- 3 |  4- 6 |  7- 9 || total
-------------------------+-------+-------+-------++-------
Melee: Short sword       |    22 |   224 |   268 ||   514
       Dagger            |       |    71 |       ||    71
 Cast: Sting             |    51 |   143 |    90 ||   284
       Mephitic Cloud    |       |     4 |    10 ||    14
       Olgreb's Toxic Ra |       |       |     1 ||     1
       Cure Poison       |       |       |     1 ||     1
  Use: Scroll            |     1 |    12 |     4 ||    17
       Potion            |       |     1 |     1 ||     2
 Stab: Sleeping          |     1 |    11 |    14 ||    26
       Confused          |       |       |    11 ||    11
  Eat: Bread ration      |       |     1 |       ||     1
Armor: Robe              |     3 |    34 |    35 ||    72
Dodge: Dodged            |    27 |   306 |   251 ||   584
